 Dungeon Crawl Stone Soup version 0.20.1-1-g8b1a95d (webtiles) character file.

127 Irenicus the Insei (level 5, -14/54 HPs)
             Began as an Octopode Chaos Knight on Oct 18, 2017.
             Killed from afar by an orc wizard (26 damage)
             ... with an exploding inner flame
             ... hexed by the player character
             ... on level 3 of the Dungeon.
             The game lasted 00:05:39 (2337 turns).

Irenicus the Insei (Octopode Chaos Knight)          Turns: 2337, Time: 00:05:40

Health: -14/54     AC: 22    Str: 11    XL:     5   Next: 11%
Magic:  5/5        EV:  2    Int: 15    God:    Xom [.*....]
Gold:   128        SH:  0    Dex: 16    Spells: 4/4 levels left

rFire    . . .     SeeInvis .     - Unarmed
rCold    . . .     Gourm    .   (no shield)
rNeg     + + +     Faith    .   (helmet currently unavailable)
rPois    +         Spirit   .   (no amulet)
rElec    .         Reflect  .   g - ring of poison resistance
rCorr    .         Harm     .   u - +4 ring of dexterity
MR       +....     NoTele   +   i - ring of wizardry
Stlth    +.........             (no ring)
Regen    0.2/turn               (no ring)
MPRegen  0.1/turn               (no ring)
                                (no ring)
                                (no ring)

@: tree-form
A: almost no armour, stealthy swim, (amphibious), 8 rings, (constrict 8), magic
resistance 1, mutation resistance 1
a: Renounce Religion


You were on level 3 of the Dungeon.
You worshipped Xom.
You were a plaything of Xom.
You were hungry.
You were a tree.
You visited 1 branch of the dungeon, and saw 3 of its levels.

You collected 128 gold pieces.

Inventory:

Missiles
 x - 4 silver javelins (quivered)
Jewellery
 g - a ring of poison resistance (left branch)
 i - a ring of wizardry (on tentacle)
 u - a +4 ring of dexterity (right branch)
Scrolls
 c - 6 scrolls of remove curse {unknown}
 e - 2 scrolls of random uselessness {unknown}
 f - a scroll of enchant armour
 k - a scroll of noise {unknown}
 n - 2 scrolls of identify {unknown}
 q - a scroll of immolation
 s - a scroll of recharging {unknown}
 t - a scroll of fear {unknown}
Potions
 b - a potion of mutation {unknown}
 d - a potion of curing {unknown}
 h - 2 potions of heal wounds {unknown}
 j - a potion of lignification
 m - a potion of haste {unknown}
 o - a potion of flight {unknown}
 p - a potion of cancellation
 v - a potion of agility {unknown}
 w - a potion of ambrosia {unknown}
 A - a potion of brilliance {unknown}
Comestibles
 a - 3 bread rations
 l - 3 meat rations
 r - 2 fruits
 z - 2 chunks of flesh


   Skills:
 - Level 3.0 Fighting
 - Level 2.3 Dodging
 + Level 5.6 Unarmed Combat


You had 4 spell levels left.
You didn't know any spells.

Dungeon Overview and Level Annotations

Branches:
Dungeon (3/15)

Altars:
The Shining One


Innate Abilities, Weirdness & Mutations

You cannot wear most types of armour.
You are very stealthy in the water. (Stealth+)
((You are amphibious.))
You can wear up to eight rings at the same time.
((You can use your tentacles to constrict eight enemies at once.))
((Your skin changes colour to match your surroundings (Stealth+).))
((Your rubbery body absorbs attacks. (AC +1, EV +1)))
((One of your tentacles bears a spike.))
You are resistant to hostile enchantments. (MR+)
You are somewhat resistant to further mutation.


Message History

The orc wizard is lightly wounded.
The orc wizard hits you but does no damage.
You barely miss the orc wizard.
The orc wizard is lightly wounded.
You hear Xom's maniacal laughter.
Your ears itch!
The orc wizard hits you but does no damage.
You closely miss the orc wizard.
The orc wizard is lightly wounded.
The orc wizard hits you but does no damage.
The orc wizard casts a spell at you. The puff of flame hits you!
You smack the orc wizard!
The orc wizard is severely wounded.
The orc wizard hits you but does no damage.
You smack the orc wizard!
The orc wizard explodes!
The fiery explosion engulfs you!
You die...
Xom chuckles heartily!

# #.........# #........#....# #
#.........# #........#..<.##
#####.........####........#....#.
'.........................'....+>
#####..........###........#.(..#.
#####..........###.............#'
'................+.).............
###.#.#'#####....#...o....###....
# #.#......##...♣#...#+#### #....
#.#......##...§§§.......# #....
#.#......##...§.§.......# #....
#(#......##.............# #....
###)#......###+##.........+ ..##+
..(.......## #.##.........#####
......###.# #.##.........#
......# #.# #............#
......# #.# ####..........#


There were no monsters in sight!

Vanquished Creatures
  Terence (D:2)
  An adder (D:2)
  An ooze (D:3)
  2 worms
  2 dart slugs
  2 leopard geckos
  4 orcs (D:3)
  2 giant cockroaches
  9 goblins
  10 hobgoblins
  7 kobolds
  2 quokkas
  3 ball pythons
  9 bats
  6 frilled lizards
  9 rats
70 creatures vanquished.

Notes
Turn   | Place    | Note
-------+----------+-------------------------------------------
     0 | D:1      | Irenicus the Octopode Chaos Knight began the quest for the Orb.
     0 | D:1      | Reached XP level 1. HP: 16/16 MP: 1/1
    53 | D:1      | XOM: divination: magic mapping
   112 | D:1      | Reached XP level 2. HP: 17/21 MP: 2/2
   236 | D:1      | XOM: god gift: 4 silver javelins
   420 | D:1      | XOM: 3-stop teleportation journey
   449 | D:1      | Reached skill level 4 in Unarmed Combat
   531 | D:1      | Reached XP level 3. HP: 26/26 MP: 3/3
   965 | D:2      | XOM: give mutations
   965 | D:2      | Gained mutation: One of your tentacles bears a spike. [Xom's grace]
   965 | D:2      | Gained mutation: You are resistant to hostile enchantments. (MR+) [Xom's grace]
   965 | D:2      | Gained mutation: You are somewhat resistant to further mutation. [Xom's grace]
  1547 | D:2      | Reached XP level 4. HP: 31/31 MP: 4/4
  1661 | D:2      | Found a glowing golden altar of the Shining One.
  1689 | D:2      | XOM is BORED!
  1753 | D:3      | XOM: noise
  1755 | D:3      | Noticed Terence
  1767 | D:2      | Killed Terence
  1767 | D:2      | Reached skill level 5 in Unarmed Combat
  1787 | D:2      | XOM: butterfly on damage
  2159 | D:3      | Reached XP level 5. HP: 30/36 MP: 5/5
  2334 | D:3      | XOM: mild Tmut miscast
  2337 | D:3      | Killed from afar by an orc wizard

Skill      XL: |  1  2  3  4 |
---------------+-------------+-----
Unarmed Combat | 4 5 |  5.6
Fighting       | |  3.0
Dodging        | |  2.3

Action                   |  1- 3 |  4- 6 || total
-------------------------+-------+-------++-------
Melee: Unarmed           |   107 |    47 ||   154
       Constrict         |    31 |    14 ||    45
       Tentacles         |    13 |     7 ||    20
       Kick              |     5 |    14 ||    19
       Punch             |     1 |     2 ||     3
Throw: Javelin           |     5 |     4 ||     9
  Use: Scroll            |       |     2 ||     2
       Potion            |       |     2 ||     2
 Stab: Sleeping          |     8 |     1 ||     9
  Eat: Chunk             |     2 |     2 ||     4
Armor: Skin              |    14 |     8 ||    22
Dodge: Dodged            |    72 |    41 ||   113
